 Dungeon Crawl Stone Soup version 0.27-a0-148-g9515ab555c (webtiles) character file.

Game seed: 6014169366064318706

9 knot the Chopper (level 2, 24/24 HPs)
             Began as a Demonspawn Berserker on Jan 26, 2021.
             Was a Follower of Trog.
             Quit the game on level 1 of the Dungeon.
             The game lasted 00:00:31 (492 turns).

knot the Chopper (Demonspawn Berserker)              Turns: 492, Time: 00:00:32

Health: 24/24      AC:  2    Str: 17    XL:     2   Next: 3%
Magic:  2/2        EV: 12    Int:  8    God:    Trog [*.....]
Gold:   20         SH:  0    Dex: 12    Spells: 1/1 levels left

rFire    . . .     SeeInvis .   a - +0 hand axe
rCold    . . .     Faith    .   (no shield)
rNeg     . . .     Spirit   .   b - +0 animal skin
rPois    .         Reflect  .   (no helmet)
rElec    .         Harm     .   (no cloak)
rCorr    .         Rampage  .   (no gloves)
Will     .....                  (no boots)
Stlth    +.........             (no amulet)
HPRegen  0.08/turn              (no ring)
MPRegen  0.08/turn              (no ring)

@: no status effects
A: claws 1
a: Renounce Religion, Berserk


You were on level 1 of the Dungeon.
You worshipped Trog.
Trog was aware of your devotion.
You visited 1 branch of the dungeon, and saw 1 of its levels.

You collected 20 gold pieces.

Inventory:

Hand Weapons
 a - a +0 hand axe (weapon)
Missiles
 c - 67 stones
 d - 26 sling bullets
Armour
 b - a +0 animal skin (worn)
Scrolls
 e - a scroll of magic mapping {unknown}
Potions
 f - a potion of curing {unknown}


   Skills:
 - Level 3.0 Fighting
 + Level 3.2 Axes
 - Level 1.7 Armour
 - Level 1.7 Dodging


You had one spell level left.
You didn't know any spells.
Your spell library was empty.

Dungeon Overview and Level Annotations

Branches:
Dungeon (1/15)

Altars:


Innate Abilities, Weirdness & Mutations

You have sharp fingernails.


Message History

Trog accepts your kill.
No target in view!
No target in view!
No target in view!
No target in view!
No target in view!
You see here a rat corpse.
A giant cockroach comes into view.
A giant cockroach is nearby!
The giant cockroach waves its antennae.
You hit the giant cockroach but do no damage.
The giant cockroach misses you.
You slash the giant cockroach!
You kill the giant cockroach!
Trog accepts your kill.
You have reached level 2!
You feel monstrous as your demonic heritage exerts itself.
Your demonic ancestry asserts itself...
Your fingernails lengthen.
Are you sure you want to abandon this character and quit the game? (Confirm with "yes".)

##.#.# ##....#
#.#
####.....###.#
..........##.#
####.....###.#
##...## #.#
##.## #.# #.#
#ā€ #
#.#####@#
#....##.#
#....ā€ ..#
#..........#
....#.######.#
#####.# # #.#
P.#


ā‰ˆPā‰ˆ There were no monsters in sight!

Vanquished Creatures
  3 giant cockroaches (D:1)
  A bat (D:1)
  2 kobolds (D:1)
  4 rats (D:1)
10 creatures vanquished.

Vanquished Creatures (others)
  3 plants (D:1)
3 creatures vanquished.

Grand Total: 13 creatures vanquished

Notes
Turn   | Place    | Note
-------+----------+-------------------------------------------
     0 | D:1      | knot the Demonspawn Berserker began the quest for the Orb.
     0 | D:1      | Reached XP level 1. HP: 18/18 MP: 1/1
   492 | D:1      | Gained mutation: You have sharp fingernails. [demonic
                  | ancestry]
   492 | D:1      | Reached XP level 2. HP: 24/24 MP: 2/2
   492 | D:1      | Quit the game

Illustrated notes

Levels and vault maps discovered:
D:1:      eino_arrival_cavern_d, layout_loops_ring, serial_bayou,
          serial_bayou_shore_a, serial_bayou_ford_a, serial_bayou_lagoon_a,
          serial_bayou_lagoon_b

Skill      XL: |  1 |
---------------+----+-----
Axes           | 3 |  3.2
Fighting       | |  3.0
Armour         | |  1.7
Dodging        | |  1.7

Action                   || total
-------------------------++-------
Melee: Hand axe          ||    54
Armor: Animal skin       ||    13
Dodge: Dodged            ||    44

Table legend: (Time is in decaauts)
 A = Elapsed time spent in this place.
 B = Non-inter-level travel time spent in this place.
 C = Inter-level travel time spent in this place.
 D = Time resting spent in this place.
 E = Time spent auto-exploring this place.
 F = Levels seen in this place.
 G = Mean time per level.
                   A        B        C        D        E       F      G
               +--------+--------+--------+--------+--------+-----+--------+
         Total |    507 |    507 |      0 |      0 |    392 |   1 |  507.0 |
       Dungeon |    507 |    507 |      0 |      0 |    392 |   1 |  507.0 |
               +--------+--------+--------+--------+--------+-----+--------+

Top non-repeatable levels by time:
     D:1: 507 daAuts
